 Dungeon Crawl Stone Soup version 0.29.1-12-g30fa7ad0bf (webtiles) character file.

Game seed: 1854791760818284865

72 styxcanada the Sneak (level 4, 0/23 HPs)
             Began as a Spriggan Brigand on Dec 16, 2022.
             Slain by Jessica
             ... wielding a +0 club
              (6 damage)
             ... on level 3 of the Dungeon.
             The game lasted 00:08:36 (2339 turns).

styxcanada the Sneak (Spriggan Brigand)             Turns: 2339, Time: 00:08:37

Health: 0/23       AC:  0    Str:  7    XL:     4   Next: 6%
Magic:  5/5        EV: 15    Int: 12    God:
Gold:   213        SH:  0    Dex: 18    Spells: 3/3 levels left

rFire   . . .      SeeInvis +   (weapon currently unavailable)
rCold   . . .      Faith    .   (shield currently unavailable)
rNeg    . . .      Spirit   .   (body armour currently unavailable)
rPois   .          Reflect  .   (helmet currently unavailable)
rElec   .          Harm     .   (cloak currently unavailable)
rCorr   .          Rampage  .   (gloves unavailable)
Will    .....                   (boots unavailable)
Stlth   ++++......              (no amulet)
HPRegen 0.07/turn               (ring currently unavailable)
MPRegen 0.09/turn               (ring currently unavailable)

@: pig-form (expiring), very quick
A: fast, no casting, small, no large weapons, unfitting armour, see invisible,
(speed 3)
a: no special abilities


You were on level 3 of the Dungeon.
You were a filthy swine.
You visited 1 branch of the dungeon, and saw 3 of its levels.

You collected 213 gold pieces.

Inventory:

Hand Weapons
 a - a +2 dagger (melded)
 f - a +0 sling
 n - the +9 long sword "Xuaw" {venom, rElec rN+}
   (You found it on level 2 of the Dungeon)

   It poisons the flesh of those it strikes.
   rElec:     It insulates you from electricity.
   rN:        It protects you from negative energy.
Missiles
 d - 4 poisoned darts (quivered)
 e - 3 curare-tipped darts
 g - 21 stones
Armour
 b - a +0 robe (melded)
 c - a +1 cloak (melded)
 i - a +0 buckler (melded)
Jewellery
 p - a +4 ring of protection
Wands
 s - a wand of charming (6)
Scrolls
 k - 2 scrolls of vulnerability {unknown}
 o - a scroll of noise {unknown}
 q - a scroll of identify {unknown}
 r - a scroll of acquirement {unknown}
Potions
 h - 4 potions of heal wounds {unknown}
 j - 3 potions of curing {unknown}
 l - 2 potions of brilliance {unknown}
 m - a potion of might {unknown}


   Skills:
 * Level 2.0 Fighting
 + Level 2.2 Short Blades
 + Level 2.1 Throwing
 * Level 2.3 Dodging
 * Level 7.6 Stealth
 * Level 0.1 Shields


You had 3 spell levels left.
You didn't know any spells.
Your spell library was empty.

Dungeon Overview and Level Annotations

Branches:
Dungeon (3/15)

Altars:

Shops:
D:2 *

Annotations:
D:3 Jessica


Innate Abilities, Weirdness & Mutations

You are a filthy swine.
You move quickly.
Your equipment is almost entirely melded.
You are incapable of wielding weapons or throwing items.
You cannot cast spells.
You are very small and have problems with some larger weapons.
You are too small for most types of armour.
You have supernaturally acute eyesight. (SInv)
((You cover ground extremely quickly. (Speed+++)))


Message History

There is an open door here.
The bat misses you.
There is an open door here.
The bat barely misses you. The bat attacks as you move away!
The bat misses you. x2
There is an open door here.
The bat hits you. The bat attacks as you move away!
The bat completely misses you. The bat closely misses you.
There is an open door here.
The bat barely misses you.
Things that are here:
2 poisoned darts; a ball python corpse The bat hits you.
There is an open door here.
You hit the bat.
The bat is moderately wounded.
The bat barely misses you. The bat hits you.
Your transformation is almost over.
The bat misses you. The bat hits you.
You barely miss the bat.
The bat is moderately wounded.
The bat barely misses you.
You hit the bat but do no damage.
The bat is moderately wounded.
The bat hits you. The bat misses you.
You barely miss the goblin. The goblin hits you with a +0 dagger.
You hit the goblin.
The goblin is heavily wounded.
The goblin hits you with a +0 dagger.
* * * LOW HITPOINT WARNING * * *
Jessica casts a spell.
Jessica blinks!
Jessica barely misses you.
You see here a frilled lizard corpse.
You hit Jessica but do no damage.
Jessica is heavily wounded.
Jessica hits you with a +0 club.
You die...

#.......# ####.......#
######..##......#
##..##(...#......# #
#....'.S..####...#### .#
#....##(b##..##.....###.#
####..###'#g....#.###.#...#
##..#'##...##....##.##.#.#
#....##.....##h.##..##.#.######
#[.@.#[......##@###.##.#......#
##..##..g8...##.†##..)...#.##)#
##'##.......#...)##.###..#.#)#
##..##.....##....)..# #.###...
#....##S..##'#..##### #..#.#.#
#....'#'###..#### #.#.##.#
##..##..##....# #.......
####....'....# ###.##.#


You could see an adder, Jessica (fast), a goblin and a bat.

Vanquished Creatures
  2 adders (D:2)
  3 orcs
  A bat (D:1)
  6 endoplasms
  A giant cockroach (D:1)
  4 goblins
  6 hobgoblins
  2 jackals (D:3)
  2 quokkas
  6 ball pythons
  2 frilled lizards
  7 kobolds
  4 rats
46 creatures vanquished.

Notes
Turn   | Place    | Note
-------+----------+-------------------------------------------
     0 | D:1      | styxcanada the Spriggan Brigand began the quest for the
                  | Orb.
     0 | D:1      | Reached XP level 1. HP: 10/10 MP: 2/2
    16 | D:1      | Reached skill level 6 in Stealth
   101 | D:1      | Reached XP level 2. HP: 9/14 MP: 3/3
   618 | D:1      | Reached skill level 7 in Stealth
  1000 | D:2      | Reached XP level 3. HP: 18/18 MP: 4/4
  1132 | D:2      | Found Abiloe's Assorted Antiques.
  1252 | D:2      | Identified the +9 long sword "Xuaw" {venom, rElec rN+}
  2232 | D:3      | Noticed Jessica
  2288 | D:3      | Reached XP level 4. HP: 12/23 MP: 5/5
  2339 | D:3      | Slain by Jessica

Illustrated notes

Levels and vault maps discovered:
D:1:      erik_arrival_orb_chamber, layout_rooms
D:2:      layout_loops_ring, serial_shops, shop_fountains
D:3:      minmay_bubble_buster, layout_loops_cross, grunt_ministairs_8,
          uniq_jessica, uniq_terence

Skill      XL: |  1  2  3  4 |
---------------+-------------+-----
Stealth        | 6 7 |  7.6
Dodging        | 2 |  2.3
Fighting       | 2 |  2.0
Short Blades   | |  2.2
Throwing       | |  2.1
Shields        | |  0.1

Action                   |  1- 3 |  4- 6 || total
-------------------------+-------+-------++-------
Melee: Dagger            |   100 |     6 ||   106
       Unarmed           |     1 |     6 ||     7
Throw: Dart              |    12 |     1 ||    13
  Use: Scroll            |     1 |       ||     1
 Stab: Sleeping          |    16 |       ||    16
Armor: Robe              |    15 |       ||    15
Dodge: Dodged            |    67 |    21 ||    88
Block: Buckler           |    14 |     2 ||    16
